 Dungeon Crawl Stone Soup version 0.27.1-33-g824d729ab1 (webtiles) character file.

Game seed: 8945134762502826413

35 comborobin the Sneak (level 3, 0/30 HPs)
             Began as a Demigod Delver on Dec 28, 2021.
             Slain by a centaur (1 damage)
             ... on level 5 of the Dungeon.
             The game lasted 00:00:56 (444 turns).

comborobin the Sneak (Demigod Delver)                Turns: 444, Time: 00:00:57

Health: 0/30       AC:  3    Str: 17    XL:     3   Next: 2%
Magic:  5/5        EV: 12    Int: 12    God:
Gold:   0          SH:  0    Dex: 15    Spells: 2/2 levels left

rFire    . . .     SeeInvis .   a - +0 short sword
rCold    . . .     Faith    .   (no shield)
rNeg     . . .     Spirit   .   b - +0 leather armour
rPois    .         Reflect  .   (no helmet)
rElec    .         Harm     .   (no cloak)
rCorr    .         Rampage  .   (no gloves)
Will     .....                  (no boots)
Stlth    +++.......             (no amulet)
HPRegen  0.10/turn              (no ring)
MPRegen  0.09/turn              (no ring)

@: no status effects
A: high mp 1, forlorn
a: no special abilities


You were on level 5 of the Dungeon.
You visited 1 branch of the dungeon, and saw 2 of its levels.

Inventory:

Hand Weapons
 a - a +0 short sword (weapon)
Missiles
 f - 4 poisoned darts (quivered)
Armour
 b - a +0 leather armour (worn)
Wands
 g - a wand of digging (3)
Scrolls
 c - a scroll of fog
 d - a scroll of magic mapping
 e - a scroll of fear


   Skills:
 - Level 2.6 Fighting
 + Level 3.3 Short Blades
 - Level 1.7 Dodging
 - Level 4.5 Stealth


You had 2 spell levels left.
You didn't know any spells.
Your spell library was empty.

Dungeon Overview and Level Annotations

Branches:
Dungeon (6/15)
 Temple: D:4-7


Innate Abilities, Weirdness & Mutations

Your attributes grow dramatically as you level up.
You have an increased reservoir of magic. (+10% MP)
You shall have no god before yourself.


Message History

The poisoned dart barely misses the centaur.
The centaur hits you.
The centaur kicks you but does no damage.
Throw: 8 darts (poison)
Press: ? - help, Q - select action Shift-Dir - straight line, f/p - centaur
Aim: a centaur, quivering arrows (70% to hit)
You throw a poisoned dart. The poisoned dart hits the centaur.
The centaur is poisoned.
The centaur hits you.
The centaur kicks you but does no damage.
The centaur barely misses you.
The centaur kicks you but does no damage.
Unknown command.
Throw: 7 darts (poison)
Press: ? - help, Q - select action Shift-Dir - straight line, f/p - centaur
Aim: a centaur, quivering arrows (poisoned, 70% to hit)
You throw a poisoned dart. The poisoned dart hits the centaur.
The centaur closely misses you. x2
Unknown command.
Unknown command.
Throw: 6 darts (poison)
Press: ? - help, Q - select action Shift-Dir - straight line, f/p - centaur
Aim: a centaur, quivering arrows (lightly wounded, poisoned, 70% to hit)
You throw a poisoned dart.
The poisoned dart completely misses the centaur.
The centaur hits you. The centaur kicks you.
* * * LOW HITPOINT WARNING * * *
The centaur hits you.
* * * LOW HITPOINT WARNING * * *
The centaur completely misses you.
Throw: 5 darts (poison)
Press: ? - help, Q - select action Shift-Dir - straight line, f/p - centaur
Aim: a centaur, quivering arrows (lightly wounded, poisoned, 70% to hit)
You throw a poisoned dart. The poisoned dart hits the centaur.
The centaur looks even sicker.
The centaur is lightly wounded.
The centaur hits you.
* * * LOW HITPOINT WARNING * * *
The centaur kicks you.
You die...

..... . #... ##+#.
#.#... #.... #.....
#####...###########.....
........#...............
#.............###.....
#...............#.....
#...c@..........#.....
#.....................
#......................
#.........####....####.
#.........# #....# #..
###.......# #.....# #..
#.......# #.....# #..
#.......# #.....# #..
+.......# #.....# ##.


You could see a centaur (very poisoned).

Vanquished Creatures
  A hound (D:5)
  An orc (D:5)
  A quokka (D:5)
3 creatures vanquished.

Notes
Turn   | Place    | Note
-------+----------+-------------------------------------------
     0 | D:5      | comborobin the Demigod Delver began the quest for the Orb.
     0 | D:5      | Reached XP level 1. HP: 18/18 MP: 3/3
    95 | D:5      | Noticed a hound
   129 | D:5      | Killed a hound
   130 | D:5      | Reached XP level 2. HP: 3/25 MP: 4/4
   130 | D:5      | Reached XP level 3. HP: 3/30 MP: 5/5
   434 | D:5      | Noticed a centaur
   444 | D:5      | HP: 1/30 [centaur (2)]
   444 | D:5      | Slain by a centaur

Illustrated notes

Levels and vault maps discovered:
D:5:      layout_basic, minmay_temple_entry_butterflies, serial_shops, shop,
          uniq_prince_ribbit1, uniq_ijyb
D:6:      layout_rooms, minmay_bent

Skill      XL: |  1 |
---------------+----+-----
Short Blades   | 3 |  3.3
Fighting       | |  2.6
Dodging        | |  1.7
Stealth        | |  4.5

Action                   || total
-------------------------++-------
Melee: Short sword       ||     6
Throw: Dart              ||    14
  Use: Potion            ||     2
Armor: Leather armour    ||     8
Dodge: Dodged            ||    28
